 Dungeon Crawl Stone Soup version 0.24-a0-769-g368c1644f8 (webtiles) character file.

Game seed: 8450796401114871401, levelgen mode: deterministic

8236 MalarOregon the Geomancer (level 11, -5/74 HPs)
             Began as a Green Draconian Earth Elementalist on Oct 6, 2019.
             Was an Initiate of Gozag.
             Slain by a yak (17 damage)
             ... on level 9 of the Dungeon.
             The game lasted 00:32:21 (12216 turns).

MalarOregon the Geomancer (DrEE)                   Turns: 12216, Time: 00:32:21

Health: -5/74      AC: 10    Str: 12    XL:     11   Next: 7%
Magic:  15/24      EV: 18    Int: 18    God:    Gozag
Gold:   825        SH:  0    Dex: 11    Spells: 13/28 levels left

rFire    . . .     SeeInvis .   a - +2 long sword (holy)
rCold    . . .     Gourm    .   (no shield)
rNeg     . . .     Faith    .   (armour unavailable)
rPois    +         Spirit   .   (helmet restricted)
rElec    .         Reflect  .   (no cloak)
rCorr    .         Harm     .   p - +0 pair of gloves
MR       +....                  E - +1 pair of boots
Stlth    ++........             s - amulet of magic regeneration
HPRegen  0.22/turn              F - +2 ring of evasion
MPRegen  0.44/turn              l - ring of protection from magic

@: gold aura
A: breathe noxious fumes, unfitting armour, poison resistance, cold-blooded, AC
+7
a: Breathe Noxious Fumes, Potion Petition, Call Merchant, Bribe Branch, Renounce
Religion


You were on level 9 of the Dungeon.
You worshipped Gozag.
Gozag was pleased with you.
You were not hungry.

You visited 2 branches of the dungeon, and saw 10 of its levels.
You also visited: Sewer.

You collected 1205 gold pieces.
You spent 260 gold pieces at shops.
You paid 120 gold pieces to Gozag.

Inventory:

Hand Weapons
 a - a +2 long sword of holy wrath (weapon)
   (You found it on level 3 of the Dungeon)
 b - a +0 dagger of draining
   (You took it off a big kobold on level 5 of the Dungeon)
 C - a +0 whip of freezing
   (You took it off Pikel on level 5 of the Dungeon)
 H - a +0 scimitar
   (You found it on level 8 of the Dungeon)
Missiles
 k - 25 poisoned darts (quivered)
 B - 56 stones
Armour
 p - a +0 pair of gloves (worn)
   (You found it on level 3 of the Dungeon)
 E - a +1 pair of boots (worn)
   (You found it on level 7 of the Dungeon)
Jewellery
 l - a ring of protection from magic (right hand)
   (You found it on level 3 of the Dungeon)
 s - an amulet of magic regeneration (around neck)
   (You found it in a sewer)
 z - an uncursed ring of see invisible
   (You found it on level 2 of the Dungeon)
 F - a +2 ring of evasion (left hand)
   (You found it on level 7 of the Dungeon)
Wands
 c - a wand of disintegration (14)
   (You found it on level 6 of the Dungeon)
 d - a wand of iceblast (12)
   (You found it on level 8 of the Dungeon)
 u - a wand of paralysis (10)
   (You found it on level 7 of the Dungeon)
 I - a wand of enslavement (7)
   (You found it on level 8 of the Dungeon)
Scrolls
 i - a scroll of fear
 j - a scroll of magic mapping {unknown}
 n - 2 scrolls of amnesia {unknown}
 o - 6 scrolls of remove curse {@r2}
 t - a scroll of enchant armour {unknown}
 y - 2 scrolls of noise {!r}
 G - 6 scrolls of teleportation {@r4}
Potions
 f - a potion of brilliance {unknown}
 g - 5 potions of haste {@q3}
 h - 2 potions of flight
 m - 3 potions of curing {@q1}
 q - 4 potions of lignification {!q}
 r - 2 potions of mutation {!q}
 v - a potion of invisibility
 w - 3 potions of agility
 x - a potion of magic
 A - a potion of ambrosia
 D - 4 potions of heal wounds {@q2}
Comestibles
 e - 15 rations {!d}


   Skills:
 + Level 9.3 Dodging
 - Level 1.7 Stealth
 + Level 9.4 Spellcasting
 - Level 1.0 Transmutations
 + Level 10.3 Earth Magic


You had 13 spell levels left.
You knew the following spells:

 Your Spells              Type           Power        Failure   Level  Hunger
a - Sandblast             Erth           #####.       1%          1    None
b - Petrify               Tmut/Erth      ####....     9%          4    ###....
c - Lee's Rapid Deconstr  Erth           #####.....   3%          5    #####..
q - Passwall              Tmut/Erth      ####....     1%          2    None
x - Stone Arrow           Conj/Erth      ####..       3%          3    None

Your spell library contained the following spells:

 Spells                   Type           Power        Failure   Level  Hunger


Dungeon Overview and Level Annotations

Branches:
Dungeon (9/15)             Temple (1/1) D:5            Lair (0/6) D:8
  Sewer (visited)
    Orc: D:9-12

Altars:
Ashenzari
Cheibriados
Dithmenos
Elyvilon
Fedhas
Gozag
Hepliaklqana
Kikubaaqudgha
Makhleb
Nemelex Xobeh
Okawaru
Qazlal
Ru
Sif Muna
Trog
Uskayaw
Vehumet
Wu Jian
Xom
Yredelemnul
Zin
The Shining One

Shops:
D:4 !   D:5 =   D:6 *   D:7 [   D:8 *

Annotations:
D:4 1 runed translucent door, Crazy Yiuf


Innate Abilities, Weirdness & Mutations

You can breathe blasts of noxious fumes.
Your lurid green scales are hard. (AC +7)
You cannot fit into any form of body armour.
Your system is resistant to poisons. (rPois)
You are cold-blooded and may be slowed by cold attacks.


Message History

You kill the yak!
B - 63 stones The yak completely misses you.
You riposte.
You hit the yak. The yak barely misses you.
Aim: a yak (lightly wounded)
The blast of sand hits the yak.
B - 62 stones The yak gores you!
* * * LOW HITPOINT WARNING * * *
The yak completely misses you.
A hound comes into view.
The yak barely misses you.
You riposte.
You barely miss the yak.
Aim: a yak (moderately wounded)
The blast of sand hits the yak!
B - 61 stones The hound barks!
The yak gores you.
* * * LOW HITPOINT WARNING * * *
The yak barely misses you. The yak completely misses you.
You riposte.
You slash the yak!
Aim: a yak (almost dead)
The blast of sand hits the yak!!
You kill the yak!
B - 60 stones The yak gores you but does no damage. x2
Aim: a yak The blast of sand hits the yak!
B - 59 stones The yak closely misses you.
The yak misses you.
Aim: a yak (moderately wounded)
The blast of sand hits the yak!!
B - 58 stones The hound misses you. The yak gores you!
* * * LOW HITPOINT WARNING * * *
The yak barely misses you. The hound bites you but does no damage.
Aim: a yak (almost dead)
The blast of sand hits the yak!
You kill the yak!
B - 57 stones The hound becomes distracted by the nearby gold, dreaming of imaginary riches.
The yak misses you.
You riposte.
The hound barks!
You hit the yak.
Aim: a hound The blast of sand hits the hound!
The hound is no longer distracted by gold.
B - 56 stones The hound closely misses you.
The yak gores you!
You die...
Your body crumbles into a pile of gold.

.....................
########Y....>.(.....
#.............
#Y............
#)............
#............. #.
#.............
##..########.............
.......h@$)..............
........$Y.(.............
#..#########(............
#.............
#....[........
#.............
#....(........
#######.>...........
....................


You could see a yak and a hound.

Vanquished Creatures
  A two-headed ogre (D:8)
  A death yak (D:8)
  Pikel (D:5)
  A troll (D:8)
  Prince Ribbit (D:6)
  A hippogriff (D:8)
  Grinder (D:4)
  5 yaks (D:9)
  Sigmund (D:2)
  A basilisk (D:8)
  Menkaure (D:7)
  A water moccasin (D:8)
  Purgy (Sewer)
  A black bear (D:9)
  3 sky beasts (D:6)
  A slave (D:5)
  4 orc warriors
  4 ogres
  4 ice beasts
  2 phantoms
  A necrophage (D:7)
  4 centaurs
  A crocodile (D:8)
  2 big kobolds (D:5)
  3 bullfrogs
  Blork the orc (D:5)
  3 scorpions
  A howler monkey (D:4)
  2 centaur zombies
  4 crimson imps
  5 hounds
  2 bullfrog skeletons
  5 centaur skeletons
  6 orc priests
  An iguana (D:6)
  12 orc wizards
  9 worker ants
  Robin (D:2)
  A howler monkey zombie (D:7)
  3 worker ant zombies
  4 gnolls (D:5)
  8 river rats (D:6)
  12 adders
  4 shadow imps
  An ooze (D:2)
  3 adder skeletons
  An adder zombie (D:5)
  2 worms
  3 dart slugs
  8 leopard geckos
  41 orcs
  12 bats
  10 giant cockroaches
  17 goblins
  12 hobgoblins
  8 jackals
  12 kobolds
  9 quokkas
  15 frilled lizards
  A leopard gecko skeleton (D:7)
  A quokka skeleton (D:8)
  24 rats
311 creatures vanquished.

Vanquished Creatures (others)
  A slave (D:6)
  5 toadstools (D:1)
6 creatures vanquished.

Grand Total: 317 creatures vanquished

Notes
Turn   | Place    | Note
-------+----------+-------------------------------------------
     0 | D:1      | MalarOregon the Draconian Earth Elementalist began the
                  | quest for the Orb.
     0 | D:1      | Reached XP level 1. HP: 14/14 MP: 3/3
   234 | D:1      | Reached XP level 2. HP: 9/20 MP: 3/5
   418 | D:1      | Learned a level 2 spell: Passwall
  1170 | D:1      | Reached XP level 3. HP: 25/26 MP: 6/6
  1213 | D:1      | Learned a level 3 spell: Stone Arrow
  1798 | D:2      | Found a shadowy altar of Dithmenos.
  2142 | D:2      | Noticed Sigmund
  2510 | D:2      | Found a sparkling altar of Nemelex Xobeh.
  2586 | D:2      | Noticed Robin
  2621 | D:2      | Reached XP level 4. HP: 28/33 MP: 8/8
  2661 | D:2      | Killed Robin
  2796 | D:2      | Found a sacrificial altar of Ru.
  2816 | D:2      | Reached skill level 4 in Earth Magic
  3183 | D:2      | Reached XP level 5. HP: 38/38 MP: 3/9
  3242 | D:2      | Learned a level 4 spell: Petrify
  3486 | D:2      | Killed Sigmund
  3486 | D:2      | Reached XP level 6. HP: 34/45 MP: 4/11
  3634 | D:3      | Found a glowing drain.
  3638 | Sewer    | Entered a sewer
  3672 | Sewer    | Noticed Purgy
  3681 | Sewer    | Killed Purgy
  3890 | D:3      | Reached skill level 5 in Earth Magic
  4714 | D:4      | Your scales start taking on a lurid green colour.
  4714 | D:4      | Reached XP level 7. HP: 46/50 MP: 2/13
  4714 | D:4      | Gained mutation: Your system is resistant to poisons.
                  | (rPois) [Green Draconian growth]
  5336 | D:4      | Found Byroze's Distillery.
  5344 | D:4      | Bought a potion of degeneration for 10 gold pieces
  5345 | D:4      | Bought a potion of magic for 80 gold pieces
  5345 | D:4      | Bought a potion of curing for 30 gold pieces
  5345 | D:4      | Bought a potion of heal wounds for 50 gold pieces
  5345 | D:4      | Bought a potion of heal wounds for 50 gold pieces
  5345 | D:4      | Bought a potion of curing for 30 gold pieces
  5408 | D:4      | Reached skill level 5 in Spellcasting
  5429 | D:4      | Learned a level 5 spell: Lee's Rapid Deconstruction
  5434 | D:4      | Noticed Grinder
  5439 | D:4      | Killed Grinder
  5439 | D:4      | Reached skill level 5 in Dodging
  5439 | D:4      | Reached skill level 6 in Earth Magic
  5439 | D:4      | Reached XP level 8. HP: 45/57 MP: 8/15
  5629 | D:4      | Found a runed translucent door.
  5630 | D:4      | Noticed Crazy Yiuf
  6064 | D:5      | Entered Level 5 of the Dungeon
  6753 | D:5      | Reached skill level 7 in Earth Magic
  7044 | D:5      | Found Qiutocowo's Jewellery Emporium.
  7089 | D:5      | Found a staircase to the Ecumenical Temple.
  7119 | Temple   | Entered the Ecumenical Temple
  7400 | D:6      | Noticed Pikel
  7402 | D:6      | Noticed Blork the orc
  7504 | D:6      | Found Yvics's General Store.
  7864 | D:6      | Reached XP level 9. HP: 35/62 MP: 14/18
  7959 | D:5      | Killed Blork the orc
  8069 | D:5      | Killed Pikel
  8210 | D:6      | Found a blossoming altar of Fedhas.
  8212 | D:6      | Noticed Prince Ribbit
  8215 | D:6      | Found an iron altar of Okawaru.
  8215 | D:6      | Found a burning altar of Makhleb.
  8225 | D:6      | Killed Prince Ribbit
  8225 | D:6      | Reached skill level 8 in Earth Magic
  9114 | Temple   | Became a worshipper of Gozag Ym Sagoz the Greedy
 10141 | D:7      | Noticed Menkaure
 10144 | D:7      | Killed Menkaure
 10421 | D:7      | Found Duste's Antique Armour Boutique.
 10442 | D:7      | Reached XP level 10. HP: 68/69 MP: 21/21
 10724 | D:7      | Reached skill level 9 in Earth Magic
 11422 | D:8      | Noticed a two-headed ogre
 11441 | D:8      | Killed a two-headed ogre
 11525 | D:8      | Found Kuoresch's General Store.
 11530 | D:8      | Bought a scroll of noise for 10 gold pieces
 11576 | D:8      | Found a staircase to the Lair.
 11576 | D:8      | Noticed a death yak
 11598 | D:8      | Killed a death yak
 11767 | D:8      | Reached skill level 10 in Earth Magic
 12207 | D:9      | Reached XP level 11. HP: 56/74 MP: 19/24
 12216 | D:9      | Slain by a yak

Levels and vault maps discovered:
D:1:      ldierk_walled_garden, layout_loops_ring, serial_co_window_serial,
          co_window_corner_a, co_window_of_opportunity_a,
          co_window_of_opportunity_a, co_window_paths_b, co_window_cross_1,
          co_window_corner_cb, co_window_of_opportunity_c, co_window_corner_ca,
          co_window_corner_cb, co_window_unsneaky_path_d, co_window_4corner_b,
          co_window_paths_d, glass_columns_a, glass_columns_a, glass_columns_c,
          glass_columns_a, glass_columns_b, minmay_lizard_pond
D:2:      minmay_chambers_of_twos, layout_loops_corners,
          grunt_dithmenos_smoke_and_mirrors,
          nicolae_ru_great_annihilating_truth, nemelex_diamond_rough_becter,
          uniq_robin, uniq_sigmund
D:3:      layout_basic, gup_sewer_entry_spiral, kennysheep_potato
D:4:      minmay_evil_eye, layout_gridville, serial_shops, shop_statue,
          first_ration, uniq_grinder, uniq_crazy_yiuf_cottage
D:5:      cheibrodos_thug_alley, layout_basic, minmay_temple_entry_fiery,
          serial_shops, kennysheep_little_box
D:6:      lemuel_ratsnest, layout_basic, gammafunk_temple_overflow_forgotten,
          serial_shops, nicolae_shop_trees, st_stairs_13, minmay_small_thing,
          uniq_prince_ribbit1, uniq_blork_the_orc, uniq_pikel
D:7:      layout_cave_pods, serial_shops, shop, hangedman_decor_slide_cut,
          uniq_menkaure
D:8:      layout_basic, david_lair_generic, serial_shops, shop
D:9:      layout_small_grid
Temple:   minmay_crystal_spiral_temple

Skill      XL: |  1  2  3  4  5  6  7  8  9 10 |
---------------+-------------------------------+-----
Dodging        | 2 3 4 5 6 7 9 |  9.3
Spellcasting   | 3 4 5 6 7 9 |  9.4
Earth Magic    | 4 5 6 7 8 10 | 10.3
Stealth        | |  1.7
Transmutations | |  1.0

Action                   |  1- 3 |  4- 6 |  7- 9 | 10-12 || total
-------------------------+-------+-------+-------+-------++-------
Melee: Short sword       |   169 |    30 |       |       ||   199
       Tailslap          |    18 |    23 |    40 |    18 ||    99
       Unarmed           |     4 |       |       |       ||     4
       Falchion          |       |   121 |       |       ||   121
       Long sword        |       |    57 |   273 |    93 ||   423
       Dagger            |       |       |    92 |       ||    92
Throw: Dart              |       |       |     6 |       ||     6
 Cast: Sandblast         |     9 |    41 |   128 |    74 ||   252
       Stone Arrow       |       |     3 |    11 |    27 ||    41
 Abil: Breathe Noxious F |       |       |     1 |     2 ||     3
  Use: Scroll            |     1 |     6 |     6 |       ||    13
       Potion            |       |       |       |     1 ||     1
 Stab: Sleeping          |     4 |     1 |     4 |     1 ||    10
       Confused          |       |       |     2 |       ||     2
  Eat: Chunk             |     5 |     8 |    16 |       ||    29
       Ration            |       |       |     1 |     2 ||     3
Armor: Skin              |    47 |   106 |   165 |    53 ||   371
Dodge: Dodged            |   111 |   233 |   376 |   172 ||   892
       Rpst.: Falchion   |       |    48 |       |       ||    48
       Long sword        |       |     8 |   111 |    57 ||   176

Table legend:
 A = Non-vault XP
 B = Vault XP
 C = Vault XP percentage of total XP
 D = Non-vault monster count
 E = Vault monster count
 F = Vault count percentage of total count
                 A         B        C        D         E       F
            +---------+---------+-------+---------+---------+-------
      Total |    7766 |    4000 |  34.0 |     205 |     105 |  33.9
            +---------+---------+-------+---------+---------+-------
        D:1 |      36 |      11 |  23.4 |      20 |      11 |  35.5
        D:2 |      57 |     333 |  85.4 |      22 |      26 |  54.2
        D:3 |      97 |      33 |  25.4 |      17 |       9 |  34.6
        D:4 |     485 |     295 |  37.8 |      18 |       3 |  14.3
        D:5 |     707 |    1097 |  60.8 |      28 |      12 |  30.0
        D:6 |    1262 |     511 |  28.8 |      25 |      33 |  56.9
        D:7 |     745 |     175 |  19.0 |      22 |       1 |   4.3
        D:8 |    2275 |    1394 |  38.0 |      29 |       4 |  12.1
        D:9 |    2102 |       0 |   0.0 |      24 |       0 |   0.0
      Sewer |       0 |     151 | 100.0 |       0 |       6 | 100.0
            +---------+---------+-------+---------+---------+-------
